 Dungeon Crawl Stone Soup version 0.25-a0-743-g84dc20635f (webtiles) character file.

Game seed: 16901259490261776243, levelgen mode: deterministic

15 Fukker the Ducker (level 2, 0/19 HPs)
             Began as a Demonspawn Wanderer on Apr 13, 2020.
             Slain by a leopard gecko (5 damage)
             ... on level 1 of the Dungeon.
             The game lasted 00:02:11 (626 turns).

Fukker the Ducker (Demonspawn Wanderer)              Turns: 626, Time: 00:02:12

Health: 0/19       AC:  2    Str: 13    XL:     2   Next: 34%
Magic:  2/2        EV: 13    Int: 14    God:
Gold:   39         SH:  0    Dex: 10    Spells: 1/1 levels left

rFire    . . .     SeeInvis .   a - +2 quarterstaff
rCold    . . .     Gourm    .   (shield currently unavailable)
rNeg     . . .     Faith    .   e - +0 robe
rPois    .         Spirit   .   (helmet restricted)
rElec    .         Reflect  .   (no cloak)
rCorr    .         Harm     .   (no gloves)
MR       .....                  (no boots)
Stlth    ++........             (no amulet)
HPRegen  0.06/turn              (no ring)
MPRegen  0.08/turn              (no ring)

@: no status effects
A: antennae 1
a: no special abilities


You were on level 1 of the Dungeon.
You were not hungry.

You visited 1 branch of the dungeon, and saw 1 of its levels.

You collected 39 gold pieces.

Inventory:

Hand Weapons
 a - a +2 quarterstaff (weapon)
 b - a +0 falchion
 d - a +0 dagger
Missiles
 c - 8 poisoned darts (quivered)
 h - 18 bolts
 i - 44 stones
Armour
 e - a +0 robe (worn)
Scrolls
 g - a scroll of identify {unknown}
 j - a scroll of teleportation {unknown}
Comestibles
 f - 2 rations


   Skills:
 + Level 2.7 Staves
 - Level 1.0 Throwing
 - Level 3.6 Dodging
 - Level 1.7 Stealth
   Level 1.0 Evocations


You had one spell level left.
You didn't know any spells.
Your spell library was empty.

Dungeon Overview and Level Annotations

Branches:
Dungeon (1/15)

Altars:


Innate Abilities, Weirdness & Mutations

You have a pair of small antennae on your head.


Message History

The bat barely misses you. The bat hits you but does no damage.
The bat barely misses you. x2
The bat closely misses you. x2
You closely miss the bat. The bat closely misses you. x2
The leopard gecko barely misses you.
You barely miss the leopard gecko. The bat misses you.
The leopard gecko closely misses you.
You closely miss the leopard gecko. The bat barely misses you.
The leopard gecko bites you. The bat misses you. The leopard gecko misses you.
The leopard gecko bites you. The bat closely misses you. x2
You sock the bat!
You kill the bat!
The bat hits you but does no damage. The leopard gecko bites you.
You hit the leopard gecko.
The leopard gecko is moderately wounded.
The bat hits you but does no damage. x2; The leopard gecko bites you.
* * * LOW HITPOINT WARNING * * *
The bat barely misses you. The leopard gecko bites you.
You die...

..... #...#.......# #
.w...##...#.......###.# ..
.............###....#.#....
#..........#.# #....'......
#..........#.###....#.#####
..........g'..#.....#.#
...........##g#.....#.# ......
...........##bl.....#.# ......
...........###@.......# .....
...........###†..#.#.......#
...........##....#)##.##...#
#..........##....##.#.#....##..
......#######.....#.#..........
...... ..##.#....†.........
...... .............##....##
...#.#.###...# ...# # #.. #...#
..#


You could see a leopard gecko, a hobgoblin and a bat.

Vanquished Creatures
  A leopard gecko (D:1)
  A ball python (D:1)
  2 giant cockroaches (D:1)
  4 goblins (D:1)
  A hobgoblin (D:1)
  A bat (D:1)
  2 rats (D:1)
12 creatures vanquished.

Notes
Turn   | Place    | Note
-------+----------+-------------------------------------------
     0 | D:1      | Fukker the Demonspawn Wanderer began the quest for the Orb.
     0 | D:1      | Fukker set off with the following items: a +2 quarterstaff,
                  | a +0 falchion, 9 poisoned darts, a +0 dagger, a +0 robe, a
                  | ration
     0 | D:1      | Reached XP level 1. HP: 13/13 MP: 1/1
   371 | D:1      | Gained mutation: You have a pair of small antennae on your
                  | head. [demonic ancestry]
   371 | D:1      | Reached XP level 2. HP: 10/19 MP: 2/2
   626 | D:1      | Slain by a leopard gecko

Levels and vault maps discovered:
D:1:      lightli_arrival_statue_moat, layout_basic, minmay_pentomino_s2

Skill      XL: |  1 |
---------------+----+-----
Staves         | 2 |  2.7
Throwing       | |  1.0
Dodging        | |  3.6
Stealth        | |  1.7
Evocations     | |  1.0

Action                   || total
-------------------------++-------
Melee: Quarterstaff      ||    37
Throw: Dart              ||     8
 Stab: Distracted        ||     1
Armor: Robe              ||    15
Dodge: Dodged            ||    50

Table legend:
 A = Non-vault XP
 B = Vault XP
 C = Vault XP percentage of total XP
 D = Non-vault monster count
 E = Vault monster count
 F = Vault count percentage of total count
                 A         B        C        D         E       F
            +---------+---------+-------+---------+---------+-------
      Total |      20 |       2 |   9.1 |      11 |       1 |   8.3
            +---------+---------+-------+---------+---------+-------
        D:1 |      20 |       2 |   9.1 |      11 |       1 |   8.3
            +---------+---------+-------+---------+---------+-------
